 Dungeon Crawl Stone Soup version 0.21.1-1-g345015f (webtiles) character file.

624 eccles the Slasher (level 7, -2/55 HPs)
             Began as a Human Berserker on Apr 24, 2018.
             Was a Priest of Trog.
             Slain by a sky beast (6 damage)
             ... on level 5 of the Dungeon on Apr 25, 2018.
             The game lasted 00:22:31 (3736 turns).

eccles the Slasher (Human Berserker)                Turns: 3736, Time: 00:22:32

Health: -2/55      AC:  8    Str: 19 (20) XL:     7   Next: 76%
Magic:  7/7        EV: 11    Int:  5 (7)  God:    Trog [***...]
Gold:   224        SH:  0    Dex: 11 (12) Spells: 6/6 levels left

rFire    + . .     SeeInvis .   j - +1 hand axe (elec)
rCold    x . .     Gourm    .   (no shield)
rNeg     . . .     Faith    +   h - +0 ring mail
rPois    .         Spirit   .   q - +0 helmet
rElec    .         Reflect  .   (no cloak)
rCorr    .         Harm     .   p - +0 pair of gloves
MR       .....                  (no boots)
Stlth    +.........             e - amulet of faith
HPRegen  0.18/turn              r - ring of fire
MPRegen  0.10/turn              (no ring)

@: hasted, very quick
A: no striking features
a: Berserk, Trog's Hand, Burn Spellbooks, Renounce Religion


You were on level 5 of the Dungeon.
You worshipped Trog.
Trog was most pleased with you.
You were not hungry.

You visited 1 branch of the dungeon, and saw 5 of its levels.

You collected 224 gold pieces.

Inventory:

Hand Weapons
 a - a +0 falchion
 j - a +1 hand axe of electrocution (weapon)
 m - a +1 dagger of speed
Missiles
 s - 2 silver javelins (quivered)
Armour
 h - a +0 ring mail (worn)
 p - a +0 pair of gloves (worn)
 q - a +0 helmet (worn)
Jewellery
 b - an uncursed ring of fire
 e - an amulet of faith (around neck)
 r - a ring of fire (left hand)
Wands
 k - a wand of scattershot (3)
 n - a wand of disintegration (9)
Scrolls
 d - a scroll of fear
 f - a scroll of enchant armour
 g - 2 scrolls of identify
 i - 2 scrolls of remove curse
Comestibles
 c - 5 rations


   Skills:
 + Level 4.9 Fighting
 + Level 1.0(3.9) Short Blades
 + Level 6.1 Long Blades
 + Level 0.7 Axes
 + Level 0.8 Throwing
 + Level 3.3 Armour
 + Level 2.7 Dodging
 + Level 1.0 Stealth


You had 6 spell levels left.
You didn't know any spells.

Dungeon Overview and Level Annotations

Branches:
Dungeon (5/15)
 Temple: D:4-7

Altars:
Cheibriados
Makhleb
Okawaru
Xom
Yredelemnul


Message History

Something hits you. Something shocks you. Something hits you.
Something shocks you.
You miss something. Something hits you but does no damage.
You barely miss something. Something hits you but does no damage.
You miss something. Something hits you. Something shocks you.
You miss something. Something hits you. Something shocks you.
Something hits you. Something shocks you.
* * * LOW HITPOINT WARNING * * *
You barely miss something. Something hits you but does no damage.
You miss something. Something hits you but does no damage.
You closely miss something. Something hits you but does no damage.
You closely miss something. Something hits you but does no damage.
Something hits you.
* * * LOW HITPOINT WARNING * * *
Something shocks you.
* * * LOW HITPOINT WARNING * * *
It was a potion of haste.
You feel yourself speed up. Something hits you.
* * * LOW HITPOINT WARNING * * *
Something shocks you.
You die...

....## #...# .....#
#...+ ..#.# .....# #...#
....######. .....# #...#
#.......... .....###...#
#.#......# .......+...#
#.#......# .....###...#
#.#......+ ...### #...#
#.#......# ...# ###.#
#.#@{....#
.#.#######.###.#..<...#
.................###....
.#.............### #..
...#.#########.# .
.......# #.# .#####.#
#.. .......# #.##
.####### ...


There were no monsters in sight!

Vanquished Creatures
  Grinder (D:5)
  A phantom (D:4)
  An orc wizard (D:4)
  A bullfrog skeleton (D:5)
  An orc priest (D:4)
  An iguana (D:4)
  Natasha (thrice) (D:3)
  A hound skeleton (D:4)
  Robin (D:4)
  An adder (D:2)
  A shadow imp (D:5)
  An ooze (D:2)
  An adder zombie (D:5)
  6 worms
  2 dart slugs
  A leopard gecko (D:1)
  12 orcs
  2 giant cockroaches
  12 goblins
  7 hobgoblins
  6 jackals
  9 kobolds
  6 bats
  3 frilled lizards
  A quokka skeleton (D:4)
  5 rats
87 creatures vanquished.

Notes
Turn   | Place    | Note
-------+----------+-------------------------------------------
     0 | D:1      | eccles the Human Berserker began the quest for the Orb.
     0 | D:1      | Reached XP level 1. HP: 18/18 MP: 1/1
    63 | D:1      | Reached XP level 2. HP: 17/24 MP: 2/2
   523 | D:1      | Reached XP level 3. HP: 19/29 MP: 3/3
   540 | D:1      | Reached ** piety under Trog
   936 | D:2      | Reached XP level 4. HP: 22/37 MP: 4/4
  1154 | D:2      | Found an iron altar of Okawaru.
  1154 | D:2      | Found a burning altar of Makhleb.
  1154 | D:2      | Found a shimmering altar of Xom.
  1154 | D:2      | Found a basalt altar of Yredelemnul.
  1284 | D:2      | Reached skill level 4 in Long Blades
  1725 | D:3      | Noticed Natasha
  1748 | D:3      | Killed Natasha
  1748 | D:3      | Reached XP level 5. HP: 42/42 MP: 5/5
  1756 | D:3      | Noticed Natasha
  1763 | D:3      | Killed Natasha
  1768 | D:3      | Noticed Natasha
  1803 | D:3      | Killed Natasha
  1972 | D:3      | Reached skill level 5 in Long Blades
  2208 | D:3      | Found a snail-covered altar of Cheibriados.
  2410 | D:4      | Reached XP level 6. HP: 29/48 MP: 6/6
  2674 | D:4      | Noticed a phantom
  2742 | D:4      | Killed a phantom
  2742 | D:4      | Reached skill level 1 in Stealth
  2907 | D:4      | Noticed Robin
  2941 | D:4      | Killed Robin
  2941 | D:4      | Reached *** piety under Trog
  2941 | D:4      | Reached XP level 7. HP: 30/55 MP: 7/7
  3195 | D:5      | Entered Level 5 of the Dungeon
  3195 | D:5      | Noticed Grinder
  3363 | D:5      | Killed Grinder
  3363 | D:5      | Reached skill level 1 in Short Blades
  3363 | D:5      | Reached skill level 6 in Long Blades
  3736 | D:5      | Slain by a sky beast

Skill      XL: |  1  2  3  4  5  6  7 |
---------------+----------------------+-----
Long Blades    | 4 5 6 |  6.1
Fighting       | 4 |  4.9
Stealth        | 1 |  1.0
Short Blades   | 1 |  1.0
Armour         | 3 |  3.3
Axes           | |  0.7
Throwing       | |  0.8
Dodging        | |  2.7

Action                   |  1- 3 |  4- 6 |  7- 9 || total
-------------------------+-------+-------+-------++-------
Melee: Falchion          |    80 |   205 |    11 ||   296
       Dagger            |       |       |    32 ||    32
       Hand axe          |       |       |    32 ||    32
Throw: Javelin           |       |    11 |       ||    11
Invok: Berserk           |     1 |     3 |       ||     4
       Trog's Hand       |       |     1 |       ||     1
  Use: Potion            |     1 |     5 |     3 ||     9
       Scroll            |     3 |     6 |     1 ||    10
  Eat: Ration            |     1 |     1 |     1 ||     3
       Chunk             |       |     4 |     2 ||     6
Armor: Animal skin       |    15 |       |       ||    15
       Ring mail         |     2 |    73 |    28 ||   103
Dodge: Dodged            |    81 |    87 |    40 ||   208
       Rpst.: Falchion   |    27 |    21 |     4 ||    52
